AoeStats
← TM Caesar

Black Forest

509732497Analyzed
4v4 RM · 5d ago on Sep 27, 2026· 59m 33s· 8 players
Game mode
Random Map
Map size
Large (8 player)
Population
200
Speed
Normal
Resources
Standard
Victory
Conquest
Starting age
Dark Age
Ending age
Imperial Age
RankedLock teamsTeams togetherTeam positionsShared explorationLock speedFull tech treeHidden civsTurbo modeCheats
Victory
Defeat
🇹🇷 Ethiopians · Türkiye
1573
+13
🇫🇷 Malay · France
1568
+13
🇮🇪 Dravidians · Ireland
1542
+14
🇱🇧 Wu · Lebanon
1440
+19
🇨🇴 Bengalis · Colombia
1534
-16
🇩🇪 Bohemians · Germany
1522
-16
🇦🇷 Lithuanians · Argentina
1507
-15
🇬🇧 Malians · United Kingdom
1434
-12
ryocallan
0:51 Loom
12:16 Feudal Age
12:30 Man-at-Arms
17:13 Double-Bit Axe
29:09 Castle Age
33:07 Fletching
33:58 Squires
33:20 Long Swordsman
36:33 Horse Collar
38:58 Wheelbarrow
40:01 Hand Cart
40:08 Heavy Plow
41:43 Scale Mail Armor
42:12 Gold Mining
42:12 Town Watch
44:25 Gold Shaft Mining
44:47 Chain Mail Armor
48:10 Imperial Age
46:14 Forging
48:32 Iron Casting
50:09 Arson
49:49 Two-Handed Swordsman
51:22 Plate Mail Armor
50:34 Champion
55:48 Husbandry
58:08 Bloodlines
58:25 Light Cavalry
59:15 Farimba
b4ron1
11:00 Feudal Age
14:37 Castle Age
12:27 Double-Bit Axe
13:04 Horse Collar
15:39 Bow Saw
19:08 Heavy Plow
21:15 Wheelbarrow
20:42 Loom
24:12 Hand Cart
25:28 Town Watch
28:19 Imperial Age
27:08 Chemistry
28:26 Fletching
28:36 Padded Archer Armor
28:49 Masonry
29:09 Ballistics
28:49 Houfnice
29:53 Bodkin Arrow
30:13 Leather Archer Armor
29:28 Elite Skirmisher
31:49 Two-Man Saw
30:53 Bracer
32:12 Conscription
32:00 Wagenburg Tactics
32:28 Coinage
32:09 Guilds
32:07 Siege Engineers
32:51 Ring Archer Armor
33:37 Banking
47:04 Caravan
TM Caesar
10:33 Feudal Age
14:55 Castle Age
12:45 Double-Bit Axe
12:51 Horse Collar
15:38 Scale Barding Armor
16:45 Husbandry
21:17 Sanctity
23:01 Wheelbarrow
22:38 Bow Saw
24:27 Heavy Plow
24:42 Redemption
25:33 Hand Cart
25:58 Chain Barding Armor
26:50 Stone Mining
30:46 Imperial Age
28:32 Forging
28:59 Gold Mining
30:42 Iron Casting
31:00 Bloodlines
30:53 Cavalier
32:09 Plate Barding Armor
32:41 Chemistry
32:48 Paladin
34:00 Masonry
34:14 Conscription
34:54 Architecture
34:34 Fletching
34:52 Loom
35:29 Bodkin Arrow
35:55 Murder Holes
37:01 Padded Archer Armor
36:57 Town Watch
38:09 Ballistics
39:54 Light Cavalry
41:02 Bracer
42:51 Hoardings
43:48 Leather Archer Armor
43:03 Elite Skirmisher
44:29 Tower Shields
45:03 Thumb Ring
45:43 Ring Archer Armor
48:00 Winged Hussar
55:02 Caravan
57:58 Winged Hussar
Istar
0:37 Loom
11:02 Feudal Age
15:02 Castle Age
12:54 Double-Bit Axe
13:09 Fishing Lines
13:49 Gold Mining
17:14 Bow Saw
18:41 Fervor
21:51 Horse Collar
23:17 Heavy Plow
26:37 Wheelbarrow
31:26 Imperial Age
30:53 Gold Shaft Mining
30:34 Paiks
31:25 Caravan
31:32 Scale Barding Armor
31:38 Forging
31:57 Husbandry
32:07 Bloodlines
32:31 Conscription
32:39 Mahayana
33:12 Chain Barding Armor
33:20 Elite Battle Elephant
34:59 Plate Barding Armor
35:00 Iron Casting
36:24 Devotion
36:05 Light Cavalry
37:35 Faith
39:35 Blast Furnace
40:59 Two-Man Saw
42:27 Crop Rotation
52:17 Hand Cart
55:04 Gillnets
Koti
12:31 Feudal Age
12:35 Double-Bit Axe
15:31 Castle Age
15:21 Bow Saw
15:44 Loom
18:11 Fishing Lines
19:09 Gillnets
19:36 Gold Mining
22:37 Wheelbarrow
23:35 Stone Mining
24:15 Hand Cart
27:50 Imperial Age
25:32 Pikeman
26:24 Forging
27:06 Squires
27:42 Iron Casting
26:37 Halberdier
28:28 Chemistry
30:25 Blast Furnace
29:54 Conscription
29:42 Arson
29:19 Man-at-Arms
31:03 Fletching
31:36 Husbandry
31:42 Scale Barding Armor
34:13 Treadmill Crane
35:18 Elite Karambit Warrior
36:37 Careening
36:34 Siege Engineers
37:39 Elite Battle Elephant
39:01 Bodkin Arrow
44:20 Masonry
44:53 Bracer
46:09 Long Swordsman
46:51 Forced Levy
47:27 Two-Handed Swordsman
51:16 Horse Collar
58:06 Light Cavalry
Madbun
0:43 Loom
12:14 Feudal Age
13:57 Man-at-Arms
18:41 Town Watch
19:50 Scale Mail Armor
21:13 Fletching
21:33 Double-Bit Axe
25:50 Castle Age
24:15 Fishing Lines
25:03 Gold Mining
26:14 Crossbowman
28:26 Wheelbarrow
28:20 Bow Saw
32:50 Gillnets
34:36 Horse Collar
34:26 Pikeman
35:06 Squires
35:16 Squires
34:37 Long Swordsman
35:02 Gambesons
35:46 Hand Cart
36:59 Hand Cart
39:31 Imperial Age
38:14 Bodkin Arrow
38:20 Padded Archer Armor
38:42 Ballistics
38:40 Thumb Ring
39:44 Elite Elephant Archer
41:51 Bracer
42:07 Leather Archer Armor
43:04 Chemistry
43:24 Guard Tower
43:52 Pikeman
45:04 Siege Elephant
46:46 Ring Archer Armor
48:53 Masonry
49:27 Keep
50:04 Conscription
49:53 Medical Corps
50:17 Gambesons
49:53 Long Swordsman
50:52 Chain Mail Armor
50:47 Forging
52:31 Elite Skirmisher
54:37 Caravan
54:35 Two-Handed Swordsman
55:48 Plate Mail Armor
55:55 Iron Casting
56:03 Bombard Tower
55:41 Murder Holes
55:38 Arrowslits
56:01 Champion
56:05 Elite Urumi Swordsman
57:08 Wootz Steel
Katnip
10:50 Feudal Age
11:26 Double-Bit Axe
15:32 Fishing Lines
18:41 Castle Age
17:29 Gold Mining
17:34 Stone Mining
19:58 Bow Saw
19:29 Horse Collar
19:57 Fletching
20:15 Gillnets
21:18 Wheelbarrow
20:55 Bodkin Arrow
21:31 Town Watch
21:32 Loom
25:04 Ballistics
25:41 Padded Archer Armor
27:18 Gold Shaft Mining
26:45 Heavy Plow
28:39 Hand Cart
32:02 Imperial Age
30:16 Leather Archer Armor
33:11 Conscription
32:53 Sitting Tiger
33:50 Bracer
34:01 Forging
33:52 Scale Mail Armor
35:18 Two-Man Saw
34:28 Pikeman
35:08 Squires
36:11 Halberdier
38:38 Iron Casting
38:18 Chain Mail Armor
39:18 Heavy Scorpion
42:31 Chemistry
41:48 Caravan
42:07 Heavy Scorpion
44:16 Blast Furnace
43:47 Plate Mail Armor
LonzoWall
0:43 Loom
10:18 Feudal Age
11:08 Double-Bit Axe
11:47 Town Watch
16:04 Castle Age
19:28 Bow Saw
21:47 Fishing Lines
24:12 Gillnets
30:29 Imperial Age
28:35 Fletching
29:10 Ballistics
30:36 Wheelbarrow
32:10 Chemistry
31:23 Bodkin Arrow
31:16 Halberdier
32:31 Siege Engineers
32:45 Bracer
33:42 Torsion Engines
37:11 Scale Mail Armor
37:22 Forging
38:47 Squires
41:56 Chain Mail Armor
42:17 Iron Casting
43:21 Plate Mail Armor
47:32 Blast Furnace
59:27 Conscription
Connection lost

Rejoining the realm…

Still unreachable

The connection could not be restored.

Session expired

The server has moved on; the page needs a fresh start.